 Dungeon Sprint DCSS version 0.19.1-1-g22dce08 (webtiles) character file.

143 dvd the Shield-Bearer (level 5, -7/52 HPs)
             Began as a Minotaur Fighter on Jan 3, 2017.
             Mangled by a red devil
             ... wielding a +2 demon trident of venom
             ... summoned by a deep elf mage
              (25 damage)
             ... in the Dungeon (Sprint III: "The Ten Rune Challenge").
             The game lasted 00:01:45 (650 turns).

dvd the Shield-Bearer (Minotaur Fighter)             Turns: 650, Time: 00:01:45

Health: -7/52      AC:  9    Str: 25    XL:     5   Next: 4%
Magic:  4/4        EV:  8    Int:  5    God:
Gold:   24         SH: 11    Dex: 11    Spells: 0 memorised, 4 levels left

rFire  . . .     SeeInvis .     a - +0 long sword
rCold  + . .     Gourm    .     b - +0 scale mail
rNeg   . . .     Faith    .     c - +0 shield
rPois  .         Spirit   .     (helmet restricted)
rElec  .         Reflect  .     o - +0 cloak
rCorr  .         Harm     .     (no gloves)
MR     .....     Clarity  +     (no boots)
Stlth  .......... NoTele   +    (no amulet)
                                (no ring)
                                (no ring)

@: mighty, lethally poisoned (-7 -> -10)
A: retaliatory headbutt, horns 2, blink, blurry vision 1, clarity, cold
resistance 1
a: Blink


You were in the Dungeon.
You were not hungry.

You visited 1 branch You collected 24 gold pieces.

Inventory:

Hand Weapons
 a - a +0 long sword (weapon)
 n - a +4 quarterstaff of chaos
Armour
 b - a +0 scale mail (worn)
 c - a +0 shield (worn)
 o - a +0 cloak (worn)
Scrolls
 k - a scroll of blinking
 m - 5 scrolls of remove curse
 p - a scroll of holy word {unknown}
 q - 4 scrolls of identify
 u - a scroll of immolation {unknown}
Potions
 g - a potion of heal wounds
 h - 2 potions of haste
 i - 2 potions of magic
 s - 2 potions of cure mutation
 t - 3 potions of flight
Comestibles
 f - a bread ration
 r - a royal jelly
 v - 3 fruits


   Skills:
 + Level 7.0 Fighting
 + Level 5.2 Long Blades
 + Level 7.4 Armour
 + Level 0.4 Dodging
 + Level 7.5 Shields


You had 4 spell levels left.
You didn't know any spells.

Dungeon Overview and Level Annotations

Branches:
Dungeon (1/1)

Altars:
Elyvilon
Zin
The Shining One


Innate Abilities, Weirdness & Mutations

You reflexively headbutt those who attack you in melee.
You have a pair of horns on your head.
You can translocate small distances at will.
Scrolls take you a little longer to read.
You possess an exceptional clarity of mind.
Your flesh is cold resistant. (rC+)


Message History

The deep elf mage is moderately wounded.
You block the deep elf mage's attack.
You slash the deep elf mage! You headbutt the deep elf mage.
The deep elf mage is severely wounded.
You block the deep elf mage's attack.
The red devil hits you with a demon trident of venom!
You are poisoned.
You feel better.
The deep elf mage hits you with a long sword of holy wrath!
The red devil hops backward while attacking.
Something hits you.
You are poisoned.
You feel very mighty all of a sudden.
You feel sick.
The deep elf mage hits you with a long sword of holy wrath.
You miss the deep elf mage. You headbutt the deep elf mage!
The deep elf mage is almost dead.
The deep elf mage hits you but does no damage.
The red devil hits you with a demon trident of venom!!
You die...

▓▓▓▓▓▓▓ ▓▓▓ ..'...♣♣♣
♣.##### ..#.....♣♣
♣♣.#___# ###....♣.♣
♣..#4§.# ..#....≈♣♣
♣♣.###4#+###+ ..#...≈≈.♣
♣..#.@e.......
.)#..≈≈≈≈♣♣♣♣.'.⌠........
#'#..≈≈≈≈≈≈♣..#...######+
..#.≈≈≈≈≈≈....#.⌠.#
..#.≈≈≈≈≈.....#...#
..#.≈≈≈.......#+###
###...........#
..............#
▓▓▓▓▓▓▓▓▓▓▓▓▓▓▓


You could see a deep elf mage and a red devil.

Vanquished Creatures
  A water elemental (D)
  Crazy Yiuf (D)
  Jessica (D)
  A human (D)
  2 oozes (D)
  A rat (D)
7 creatures vanquished.

Vanquished Creatures (others)
  2 draconian scorchers (D)
  6 hellions (D)
  2 yaktaurs (D)
  A plant (D)
11 creatures vanquished.

Grand Total: 18 creatures vanquished

Notes
Turn   | Place    | Note
-------+----------+-------------------------------------------
     0 | D        | dvd the Minotaur Fighter began the quest for the Orb.
     0 | D        | Reached XP level 1. HP: 19/19 MP: 0/0
     5 | D        | Reached XP level 2. HP: 28/28 MP: 1/1
     9 | D        | Noticed Jessica
    10 | D        | Killed Jessica
    10 | D        | Reached skill level 5 in Fighting
    10 | D        | Reached skill level 5 in Armour
    10 | D        | Reached skill level 5 in Shields
    10 | D        | Reached XP level 3. HP: 36/36 MP: 2/2
    38 | D        | Noticed Crazy Yiuf
    53 | D        | Killed Crazy Yiuf
    68 | D        | Reached XP level 4. HP: 6/45 MP: 3/3
    97 | D        | Killed a hellion
   119 | D        | Killed a yaktaur
   142 | D        | Killed a hellion
   144 | D        | Killed a hellion
   145 | D        | Killed a hellion
   153 | D        | Killed a yaktaur
   173 | D        | Killed a white draconian scorcher
   182 | D        | Killed a white draconian scorcher
   196 | D        | Killed a hellion
   219 | D        | Killed a hellion
   340 | D        | Gained mutation: Scrolls take you a little longer to read. [potion of mutation]
   340 | D        | Gained mutation: You possess an exceptional clarity of mind. [potion of mutation]
   341 | D        | Gained mutation: Your flesh is cold resistant. (rC+) [potion of mutation]
   341 | D        | Gained mutation: You can translocate small distances at will. [potion of mutation]
   374 | D        | Noticed a water elemental
   381 | D        | Killed a water elemental
   381 | D        | Reached skill level 5 in Long Blades
   381 | D        | Reached XP level 5. HP: 10/52 MP: 4/4
   640 | D        | Found a glowing silver altar of Zin.
   641 | D        | Found a glowing golden altar of the Shining One.
   641 | D        | Found a white marble altar of Elyvilon.
   641 | D        | Noticed a deep elf mage
   644 | D        | Noticed a red devil
   650 | D        | Mangled by a red devil

Skill      XL: |  1  2  3  4 |
---------------+-------------+-----
Fighting       | 4 5 6 7 |  7.0
Armour         | 4 5 6 7 |  7.4
Shields        | 4 5 6 7 |  7.5
Long Blades    | 3 5 |  5.2
Dodging        | |  0.4

Action                   |  1- 3 |  4- 6 || total
-------------------------+-------+-------++-------
Melee: Long sword        |    32 |    10 ||    42
       Headbutt          |     6 |     3 ||     9
  Use: Potion            |       |     5 ||     5
Armor: Scale mail        |     7 |     1 ||     8
Dodge: Dodged            |     7 |     2 ||     9
Block: Shield            |    18 |     5 ||    23
       Rpst.: Long sword |     3 |       ||     3
